[ PARTIDA AOE2 · #485422831 ]
UnrankedMalayos vs Wu
[ ANÁLISIS DE REPETICIÓN · EXTRAÍDO DE LA PARTIDA GRABADA ]
Feudal
11:03
Castillos
—
Imperial
—
| APM promedio | 36.2 |
| APM pico | 132 |
| eAPM promedio | 11.8 |
| Aldeanos / militares | 37 / 8 |
Foco
⚔️ 24.5% · 🌾 75.5%
Scout Cavalry ×8
Feudal
12:32
Castillos
16:04
Imperial
—
| APM promedio | 34.4 |
| APM pico | 66 |
| eAPM promedio | 21.5 |
| Aldeanos / militares | 43 / 3 |
Foco
⚔️ 28.9% · 🌾 71.1%
Unknown (1944) ×7 · Spearman ×3
Feudal
11:48
Castillos
—
Imperial
—
| APM promedio | 35.2 |
| APM pico | 66 |
| eAPM promedio | 14.9 |
| Aldeanos / militares | 36 / 13 |
Foco
⚔️ 28.4% · 🌾 71.6%
Militia ×10 · Spearman ×3
Feudal
13:29
Castillos
—
Imperial
—
| APM promedio | 34.2 |
| APM pico | 69 |
| eAPM promedio | 16.9 |
| Aldeanos / militares | 48 / 0 |
Foco
⚔️ 26.1% · 🌾 73.9%
Feudal
11:36
Castillos
—
Imperial
—
| APM promedio | 61.2 |
| APM pico | 116 |
| eAPM promedio | 25.4 |
| Aldeanos / militares | 44 / 17 |
Foco
⚔️ 38.7% · 🌾 61.3%
Archer ×10 · Spearman ×7
Feudal
11:22
Castillos
—
Imperial
—
| APM promedio | 41.5 |
| APM pico | 70 |
| eAPM promedio | 15.8 |
| Aldeanos / militares | 35 / 8 |
Foco
⚔️ 29.6% · 🌾 70.4%
Scout Cavalry ×8
Mapa de la partida
Recursos iniciales + cada clic de construcción. Líneas = muros · curvas = relieve. ◆ oro · ⬟ piedra · ● bayas · ✦ reliquia · ◌ hueco del cierre
Tu base· Abierta — flanco sin cerrar
Base de Ferman· Abierta — flanco sin cerrar
Base de Ganso_lm· Abierta — hueco de 13t
Base de DS_lord dekko· Abierta — flanco sin cerrar
Base de [CL] Rzagal· Abierta — flanco sin cerrar
Base de DS_Maulet· Abierta — hueco de 15t
Terreno inicial suavizado · ◌ = hueco del cierre detectado · pasá el cursor para detalles
Inputs por minuto
— DS_Gitano Urbano - - Ferman
Build order — DS_Gitano Urbano
71 acciones detectadas en el replay
| 0:15 | Construir | Town Center |
| 1:50 | Construir | House |
| 2:40 | Crear | Villager (Male) |
| 2:40 | Crear | Villager (Male) |
| 2:40 | Crear | Villager (Male) |
| 2:41 | Crear | Villager (Male) |
| 3:20 | Investigar | Loom |
| 3:29 | Crear | Villager (Male) |
| 3:37 | Construir | House |
| 3:48 | Crear | Villager (Male) |
| 4:41 | Crear | Villager (Male) |
| 5:04 | Crear | Villager (Male) |
| 5:12 | Crear | Villager (Male) |
| 5:40 | Crear | Villager (Male) |
| 5:55 | Construir | Lumber Camp |
| 6:05 | Crear | Villager (Male) |
| 6:30 | Crear | Villager (Male) |
| 6:31 | Crear | Villager (Male) |
| 6:35 | Construir | House |
| 7:00 | Crear | Villager (Male) |
| 7:33 | Crear | Villager (Male) |
| 8:08 | Construir | House |
| 8:11 | Crear | Villager (Male) |
| 8:39 | Construir | Mill |
| 8:41 | Crear | Villager (Male) |
| 9:10 | Crear | Villager (Male) |
| 9:45 | Investigar | Feudal Age |
| 10:30 | Crear | Villager (Male) |
| 10:32 | Crear | Villager (Male) |
| 10:37 | Construir | Barracks |
| 11:03 | Edad | Edad Feudal |
| 11:03 | Investigar | Double-Bit Axe |
| 11:39 | Crear | Villager (Male) |
| 12:00 | Construir | Stable |
| 12:05 | Investigar | Town Watch |
| 12:18 | Construir | House |
| 12:30 | Crear | Villager (Male) |
| 12:41 | Crear | Villager (Male) |
| 12:42 | Crear | Scout Cavalry |
| 12:42 | Crear | Scout Cavalry |
| 12:42 | Crear | Scout Cavalry |
| 12:51 | Construir | House |
| 13:05 | Construir | Mill |
| 13:10 | Crear | Villager (Male) |
| 13:40 | Crear | Villager (Male) |
| 13:43 | Crear | Scout Cavalry |
| 14:04 | Crear | Villager (Male) |
| 14:26 | Construir | Mining Camp |
| 14:47 | Crear | Villager (Male) |
| 14:56 | Construir | Mining Camp |
| 15:06 | Crear | Villager (Male) |
| 15:10 | Construir | House |
| 15:19 | Construir | Mining Camp |
| 15:40 | Crear | Scout Cavalry |
| 15:56 | Crear | Scout Cavalry |
| 16:07 | Construir | Lumber Camp |
| 16:08 | Crear | Villager (Male) |
| 16:36 | Crear | Scout Cavalry |
| 16:49 | Crear | Scout Cavalry |
| 17:02 | Crear | Villager (Male) |
| 17:15 | Crear | Villager (Male) |
| 17:25 | Crear | Villager (Male) |
| 17:56 | Construir | Watch Tower |
| 18:04 | Construir | Lumber Camp |
| 18:10 | Construir | Watch Tower |
| 18:18 | Crear | Villager (Male) |
| 18:21 | Crear | Villager (Male) |
| 19:01 | Crear | Villager (Male) |
| 19:12 | Crear | Villager (Male) |
| 19:23 | Construir | Mill |
| 19:28 | Crear | Villager (Male) |
Build order — Ferman
115 acciones detectadas en el replay
| 0:16 | Construir | Town Center |
| 2:18 | Construir | House |
| 2:27 | Crear | Villager (Male) |
| 2:27 | Crear | Villager (Male) |
| 2:28 | Crear | Villager (Male) |
| 2:28 | Crear | Villager (Male) |
| 3:25 | Crear | Villager (Male) |
| 4:27 | Construir | Lumber Camp |
| 4:29 | Crear | Villager (Male) |
| 4:29 | Crear | Villager (Male) |
| 4:36 | Construir | House |
| 4:49 | Crear | Villager (Male) |
| 5:19 | Crear | Villager (Male) |
| 5:24 | Crear | Villager (Male) |
| 6:03 | Construir | House |
| 6:25 | Crear | Villager (Male) |
| 6:25 | Crear | Villager (Male) |
| 6:41 | Crear | Villager (Male) |
| 6:41 | Crear | Villager (Male) |
| 6:52 | Construir | House |
| 7:04 | Construir | House |
| 7:17 | Crear | Villager (Male) |
| 7:20 | Construir | House |
| 7:27 | Construir | Mill |
| 7:33 | Crear | Villager (Male) |
| 7:33 | Crear | Villager (Male) |
| 7:36 | Construir | House |
| 7:50 | Crear | Villager (Male) |
| 8:32 | Crear | Villager (Male) |
| 8:32 | Crear | Villager (Male) |
| 8:42 | Construir | House |
| 8:49 | Crear | Villager (Male) |
| 8:49 | Crear | Villager (Male) |
| 9:07 | Construir | House |
| 9:14 | Crear | Villager (Male) |
| 9:16 | Construir | House |
| 9:26 | Crear | Villager (Male) |
| 9:32 | Construir | House |
| 9:37 | Crear | Villager (Male) |
| 9:37 | Crear | Villager (Male) |
| 9:37 | Crear | Villager (Male) |
| 9:48 | Crear | Villager (Male) |
| 9:59 | Crear | Villager (Male) |
| 10:19 | Investigar | Feudal Age |
| 10:21 | Construir | Mining Camp |
| 10:52 | Construir | Palisade Wall |
| 10:55 | Construir | House |
| 11:04 | Construir | House |
| 12:28 | Crear | Villager (Male) |
| 12:32 | Edad | Edad Feudal |
| 12:35 | Crear | Villager (Male) |
| 12:37 | Construir | Market |
| 12:38 | Construir | Blacksmith |
| 12:43 | Investigar | Loom |
| 12:52 | Investigar | Town Watch |
| 13:11 | Construir | House |
| 13:20 | Construir | House |
| 13:24 | Investigar | Castle Age |
| 13:24 | Investigar | Castle Age |
| 13:28 | Construir | House |
| 13:41 | Construir | House |
| 13:58 | Construir | Palisade Wall |
| 13:59 | Construir | House |
| 14:01 | Construir | Palisade Wall |
| 14:04 | Construir | Palisade Wall |
| 14:05 | Construir | House |
| 14:07 | Construir | Palisade Wall |
| 14:08 | Construir | Palisade Wall |
| 14:42 | Construir | Barracks |
| 15:17 | Construir | Palisade Wall |
| 15:20 | Construir | Palisade Wall |
| 15:23 | Construir | Palisade Wall |
| 15:43 | Crear | Spearman |
| 15:50 | Construir | Palisade Wall |
| 15:50 | Construir | Palisade Wall |
| 16:04 | Edad | Edad de los Castillos |
| 16:06 | Crear | Villager (Male) |
| 16:07 | Crear | Spearman |
| 16:21 | Crear | Spearman |
| 16:34 | Construir | Stable |
| 16:38 | Crear | Villager (Male) |
| 16:43 | Crear | Villager (Male) |
| 16:59 | Crear | Villager (Male) |
| 17:01 | Investigar | Loom |
| 17:02 | Construir | Palisade Wall |
| 17:11 | Crear | Villager (Male) |
| 17:19 | Crear | Unit 1944 |
| 17:19 | Crear | Unit 1944 |
| 17:43 | Construir | House |
| 17:45 | Construir | House |
| 17:49 | Construir | Palisade Wall |
| 17:50 | Crear | Unit 1944 |
| 17:51 | Crear | Unit 1944 |
| 17:57 | Crear | Villager (Male) |
| 18:00 | Construir | House |
| 18:15 | Crear | Unit 1944 |
| 18:22 | Crear | Villager (Male) |
| 18:25 | Investigar | Horse Collar |
| 18:40 | Construir | Farm |
| 18:40 | Construir | Farm |
| 18:40 | Construir | Farm |
| 18:41 | Construir | Farm |
| 18:44 | Crear | Villager (Male) |
| 18:56 | Crear | Unit 1944 |
| 19:00 | Crear | Villager (Male) |
| 19:02 | Construir | Farm |
| 19:02 | Construir | Farm |
| 19:02 | Construir | Farm |
| 19:15 | Crear | Unit 1944 |
| 19:22 | Crear | Villager (Male) |
| 19:24 | Construir | Farm |
| 19:24 | Construir | Farm |
| 19:24 | Construir | Farm |
| 19:42 | Crear | Villager (Male) |
| 19:45 | Crear | Villager (Male) |
Build order — Ganso_lm
92 acciones detectadas en el replay
| 0:15 | Construir | Town Center |
| 2:01 | Construir | House |
| 2:31 | Crear | Villager (Male) |
| 2:32 | Crear | Villager (Male) |
| 2:32 | Crear | Villager (Male) |
| 2:32 | Crear | Villager (Male) |
| 2:54 | Construir | Palisade Gate |
| 3:12 | Construir | Palisade Wall |
| 3:18 | Construir | House |
| 3:27 | Crear | Villager (Male) |
| 3:32 | Construir | House |
| 3:57 | Construir | House |
| 3:58 | Construir | House |
| 4:14 | Construir | Lumber Camp |
| 4:32 | Crear | Villager (Male) |
| 4:34 | Crear | Villager (Male) |
| 5:12 | Crear | Villager (Male) |
| 5:13 | Crear | Villager (Male) |
| 6:04 | Crear | Villager (Male) |
| 6:16 | Construir | Mill |
| 6:36 | Crear | Villager (Male) |
| 6:37 | Crear | Villager (Male) |
| 7:33 | Crear | Villager (Male) |
| 7:34 | Crear | Villager (Male) |
| 7:52 | Crear | Villager (Male) |
| 8:27 | Crear | Villager (Male) |
| 8:54 | Construir | Mining Camp |
| 9:04 | Crear | Villager (Male) |
| 9:10 | Construir | House |
| 9:38 | Investigar | Feudal Age |
| 9:43 | Construir | Barracks |
| 10:26 | Investigar | Loom |
| 10:27 | Crear | Villager (Male) |
| 10:34 | Crear | Militia |
| 10:34 | Crear | Militia |
| 10:36 | Construir | House |
| 10:53 | Crear | Militia |
| 11:14 | Construir | House |
| 11:19 | Crear | Militia |
| 11:48 | Edad | Edad Feudal |
| 11:52 | Construir | Blacksmith |
| 11:55 | Crear | Spearman |
| 12:12 | Crear | Spearman |
| 12:15 | Crear | Villager (Male) |
| 12:26 | Investigar | Forging |
| 13:05 | Crear | Villager (Male) |
| 13:06 | Crear | Villager (Male) |
| 13:08 | Construir | House |
| 13:20 | Construir | Farm |
| 13:20 | Crear | Villager (Male) |
| 13:35 | Crear | Villager (Male) |
| 13:39 | Construir | Farm |
| 13:40 | Construir | Farm |
| 13:50 | Investigar | Double-Bit Axe |
| 13:55 | Crear | Villager (Male) |
| 14:05 | Crear | Militia |
| 14:06 | Crear | Militia |
| 14:38 | Crear | Villager (Male) |
| 14:41 | Construir | House |
| 14:49 | Investigar | Horse Collar |
| 14:55 | Investigar | Arson |
| 15:05 | Crear | Villager (Male) |
| 15:08 | Construir | Farm |
| 15:17 | Crear | Spearman |
| 15:49 | Crear | Villager (Male) |
| 15:53 | Construir | Watch Tower |
| 16:00 | Investigar | Fletching |
| 16:01 | Crear | Villager (Male) |
| 16:22 | Crear | Villager (Male) |
| 17:11 | Crear | Villager (Male) |
| 17:14 | Crear | Villager (Male) |
| 17:27 | Crear | Villager (Male) |
| 17:28 | Construir | Market |
| 17:39 | Construir | Farm |
| 17:40 | Construir | Farm |
| 17:41 | Crear | Villager (Male) |
| 17:53 | Investigar | Scale Mail Armor |
| 17:55 | Crear | Militia |
| 17:55 | Crear | Militia |
| 17:57 | Construir | House |
| 18:07 | Construir | Farm |
| 18:10 | Crear | Villager (Male) |
| 18:13 | Construir | Lumber Camp |
| 18:48 | Crear | Villager (Male) |
| 18:50 | Crear | Militia |
| 18:50 | Crear | Militia |
| 19:02 | Construir | Farm |
| 19:13 | Construir | House |
| 19:38 | Crear | Villager (Male) |
| 19:41 | Construir | Farm |
| 19:42 | Construir | Farm |
| 19:46 | Construir | Farm |
Build order — DS_lord dekko
86 acciones detectadas en el replay
| 0:10 | Construir | Town Center |
| 0:49 | Construir | House |
| 2:59 | Crear | Villager (Male) |
| 2:59 | Crear | Villager (Male) |
| 2:59 | Crear | Villager (Male) |
| 2:59 | Crear | Villager (Male) |
| 3:38 | Construir | House |
| 4:35 | Crear | Villager (Male) |
| 4:37 | Crear | Villager (Male) |
| 4:38 | Crear | Villager (Male) |
| 4:38 | Crear | Villager (Male) |
| 4:57 | Crear | Villager (Male) |
| 4:57 | Crear | Villager (Male) |
| 5:12 | Construir | House |
| 5:32 | Construir | House |
| 5:37 | Crear | Villager (Male) |
| 5:37 | Crear | Villager (Male) |
| 5:37 | Crear | Villager (Male) |
| 6:10 | Crear | Villager (Male) |
| 6:13 | Crear | Villager (Male) |
| 6:13 | Crear | Villager (Male) |
| 6:39 | Crear | Villager (Male) |
| 7:16 | Crear | Villager (Male) |
| 7:38 | Construir | Lumber Camp |
| 7:39 | Crear | Villager (Male) |
| 8:01 | Crear | Villager (Male) |
| 8:26 | Crear | Villager (Male) |
| 9:21 | Construir | House |
| 9:24 | Construir | Palisade Wall |
| 9:25 | Construir | Palisade Wall |
| 9:28 | Crear | Villager (Male) |
| 9:32 | Investigar | Loom |
| 9:57 | Crear | Villager (Male) |
| 10:16 | Construir | Mill |
| 10:21 | Crear | Villager (Male) |
| 10:28 | Construir | Palisade Wall |
| 10:33 | Construir | Palisade Wall |
| 10:35 | Construir | Palisade Wall |
| 10:42 | Crear | Villager (Male) |
| 11:13 | Investigar | Feudal Age |
| 12:15 | Construir | House |
| 12:21 | Construir | House |
| 12:26 | Construir | House |
| 12:29 | Construir | House |
| 12:38 | Construir | Palisade Wall |
| 12:39 | Construir | Palisade Wall |
| 12:40 | Construir | Palisade Wall |
| 12:53 | Construir | Palisade Wall |
| 12:55 | Construir | Palisade Wall |
| 12:57 | Construir | Palisade Wall |
| 13:12 | Crear | Villager (Male) |
| 13:29 | Edad | Edad Feudal |
| 13:38 | Crear | Villager (Male) |
| 13:41 | Investigar | Double-Bit Axe |
| 14:01 | Crear | Villager (Male) |
| 14:22 | Construir | House |
| 14:33 | Crear | Villager (Male) |
| 14:48 | Construir | Watch Tower |
| 14:50 | Construir | Mining Camp |
| 14:53 | Crear | Villager (Male) |
| 15:05 | Construir | Watch Tower |
| 15:13 | Crear | Villager (Male) |
| 15:22 | Crear | Villager (Male) |
| 15:23 | Crear | Villager (Male) |
| 15:29 | Crear | Villager (Male) |
| 15:30 | Crear | Villager (Male) |
| 15:44 | Crear | Villager (Male) |
| 15:50 | Construir | House |
| 15:53 | Crear | Villager (Male) |
| 16:00 | Crear | Villager (Male) |
| 16:18 | Crear | Villager (Male) |
| 16:19 | Crear | Villager (Male) |
| 16:32 | Crear | Villager (Male) |
| 16:57 | Crear | Villager (Male) |
| 17:08 | Construir | House |
| 17:12 | Construir | House |
| 17:41 | Construir | Watch Tower |
| 17:59 | Crear | Villager (Male) |
| 18:03 | Construir | Market |
| 18:03 | Crear | Villager (Male) |
| 18:08 | Crear | Villager (Male) |
| 18:17 | Construir | House |
| 18:19 | Construir | House |
| 18:44 | Crear | Villager (Male) |
| 19:05 | Crear | Villager (Male) |
| 19:24 | Crear | Villager (Male) |
Build order — [CL] Rzagal
111 acciones detectadas en el replay
| 0:37 | Construir | Town Center |
| 2:34 | Construir | House |
| 2:43 | Crear | Villager (Male) ×5 |
| 4:20 | Crear | Villager (Male) |
| 4:21 | Crear | Villager (Male) |
| 4:37 | Crear | Villager (Male) |
| 4:37 | Crear | Villager (Male) |
| 4:48 | Construir | House |
| 5:07 | Crear | Villager (Male) |
| 5:08 | Crear | Villager (Male) |
| 5:08 | Crear | Villager (Male) |
| 5:22 | Construir | Lumber Camp |
| 5:49 | Crear | Villager (Male) |
| 5:50 | Crear | Villager (Male) |
| 5:50 | Crear | Villager (Male) |
| 6:26 | Crear | Villager (Male) |
| 6:27 | Crear | Villager (Male) |
| 6:41 | Crear | Villager (Male) |
| 6:41 | Crear | Villager (Male) |
| 7:13 | Construir | House |
| 7:20 | Crear | Villager (Male) |
| 7:20 | Crear | Villager (Male) |
| 7:32 | Construir | Mill |
| 7:54 | Crear | Villager (Male) |
| 7:55 | Crear | Villager (Male) |
| 8:10 | Crear | Villager (Male) |
| 8:11 | Crear | Villager (Male) |
| 8:27 | Crear | Villager (Male) |
| 8:53 | Investigar | Loom |
| 8:53 | Investigar | Loom |
| 9:04 | Construir | House |
| 9:22 | Construir | Mining Camp |
| 9:32 | Investigar | Feudal Age |
| 9:32 | Investigar | Feudal Age |
| 10:11 | Construir | Barracks |
| 10:18 | Construir | Barracks |
| 10:58 | Construir | House |
| 11:08 | Construir | House |
| 11:10 | Construir | Palisade Wall |
| 11:10 | Construir | Palisade Wall |
| 11:26 | Crear | Villager (Male) |
| 11:26 | Crear | Villager (Male) |
| 11:33 | Construir | Palisade Wall |
| 11:36 | Edad | Edad Feudal |
| 11:42 | Crear | Spearman |
| 11:54 | Construir | Archery Range |
| 12:16 | Crear | Villager (Male) |
| 12:20 | Investigar | Double-Bit Axe |
| 12:33 | Construir | House |
| 12:35 | Crear | Villager (Male) |
| 12:38 | Crear | Spearman |
| 12:44 | Crear | Archer |
| 12:50 | Construir | Palisade Wall |
| 13:01 | Construir | Palisade Wall |
| 13:01 | Construir | Palisade Wall |
| 13:02 | Construir | Palisade Wall |
| 13:09 | Crear | Villager (Male) |
| 13:20 | Crear | Archer |
| 13:24 | Construir | House |
| 13:25 | Crear | Villager (Male) |
| 13:41 | Construir | Palisade Wall |
| 13:41 | Construir | Palisade Wall |
| 13:42 | Construir | Palisade Wall |
| 13:46 | Crear | Archer |
| 13:50 | Crear | Archer |
| 13:50 | Crear | Villager (Male) |
| 13:59 | Construir | Palisade Wall |
| 14:16 | Construir | Palisade Wall |
| 14:18 | Construir | Blacksmith |
| 14:22 | Construir | Palisade Wall |
| 14:34 | Crear | Spearman |
| 14:47 | Construir | Palisade Wall |
| 14:50 | Construir | Palisade Wall |
| 14:53 | Crear | Villager (Male) |
| 14:54 | Crear | Archer |
| 15:01 | Crear | Villager (Male) |
| 15:18 | Construir | Palisade Wall |
| 15:21 | Construir | Palisade Wall |
| 15:21 | Construir | Palisade Wall |
| 15:27 | Construir | House |
| 15:37 | Crear | Spearman |
| 15:39 | Crear | Archer |
| 15:58 | Investigar | Fletching |
| 15:59 | Crear | Villager (Male) |
| 15:59 | Crear | Villager (Male) |
| 16:23 | Crear | Archer |
| 16:24 | Crear | Villager (Male) |
| 16:44 | Crear | Archer |
| 16:46 | Crear | Spearman |
| 17:09 | Crear | Villager (Male) |
| 17:19 | Crear | Villager (Male) |
| 17:22 | Crear | Spearman |
| 17:35 | Construir | House |
| 17:37 | Construir | House |
| 17:45 | Crear | Archer |
| 17:46 | Crear | Spearman |
| 17:59 | Crear | Villager (Male) |
| 18:24 | Construir | Mill |
| 18:30 | Construir | Market |
| 18:32 | Construir | Palisade Wall |
| 18:35 | Construir | Farm |
| 18:36 | Crear | Villager (Male) |
| 18:37 | Crear | Villager (Male) |
| 18:49 | Crear | Archer |
| 18:59 | Construir | House |
| 19:10 | Construir | Palisade Wall |
| 19:26 | Crear | Villager (Male) |
| 19:31 | Construir | Farm |
| 19:33 | Construir | Farm |
| 19:34 | Construir | Farm |
| 19:40 | Construir | Farm |
Build order — DS_Maulet
84 acciones detectadas en el replay
| 0:09 | Construir | Town Center |
| 1:05 | Construir | House |
| 2:17 | Crear | Villager (Male) |
| 2:17 | Crear | Villager (Male) |
| 2:17 | Crear | Villager (Male) |
| 2:18 | Crear | Villager (Male) |
| 2:18 | Crear | Villager (Male) |
| 3:30 | Crear | Villager (Male) |
| 3:30 | Crear | Villager (Male) |
| 4:02 | Crear | Villager (Male) |
| 4:09 | Construir | House |
| 4:27 | Construir | Lumber Camp |
| 4:35 | Crear | Villager (Male) |
| 4:36 | Crear | Villager (Male) |
| 5:00 | Crear | Villager (Male) |
| 5:17 | Crear | Villager (Male) |
| 5:43 | Construir | House |
| 6:11 | Crear | Villager (Male) |
| 6:14 | Crear | Villager (Male) |
| 6:14 | Crear | Villager (Male) |
| 6:15 | Crear | Villager (Male) |
| 6:43 | Crear | Villager (Male) |
| 6:48 | Construir | Mill |
| 6:59 | Crear | Villager (Male) |
| 7:44 | Crear | Villager (Male) |
| 9:12 | Investigar | Feudal Age |
| 9:23 | Investigar | Loom |
| 9:35 | Construir | House |
| 9:44 | Construir | Barracks |
| 11:16 | Crear | Villager (Male) |
| 11:17 | Investigar | Loom |
| 11:22 | Edad | Edad Feudal |
| 11:23 | Construir | Stable |
| 11:25 | Investigar | Double-Bit Axe |
| 11:43 | Crear | Villager (Male) |
| 11:59 | Crear | Villager (Male) |
| 12:10 | Crear | Scout Cavalry |
| 12:11 | Crear | Scout Cavalry |
| 12:18 | Construir | House |
| 12:24 | Construir | Palisade Gate |
| 12:26 | Construir | Palisade Wall |
| 12:27 | Construir | Palisade Wall |
| 12:28 | Construir | Palisade Wall |
| 12:29 | Construir | Palisade Wall |
| 12:30 | Construir | Palisade Wall |
| 12:32 | Crear | Villager (Male) |
| 12:42 | Crear | Scout Cavalry |
| 12:44 | Construir | House |
| 13:02 | Crear | Scout Cavalry |
| 13:07 | Crear | Villager (Male) |
| 13:09 | Construir | Blacksmith |
| 13:34 | Crear | Villager (Male) |
| 13:47 | Crear | Villager (Male) |
| 14:14 | Investigar | Fletching |
| 14:18 | Investigar | Forging |
| 14:23 | Crear | Villager (Male) |
| 14:35 | Crear | Scout Cavalry |
| 14:41 | Construir | House |
| 14:45 | Construir | Mining Camp |
| 14:51 | Crear | Villager (Male) |
| 15:01 | Crear | Scout Cavalry |
| 15:08 | Construir | House |
| 15:16 | Crear | Villager (Male) |
| 15:34 | Crear | Villager (Male) |
| 15:42 | Construir | Market |
| 15:51 | Crear | Scout Cavalry |
| 15:56 | Construir | Farm |
| 16:11 | Crear | Villager (Male) |
| 16:15 | Construir | Farm |
| 16:28 | Crear | Villager (Male) |
| 16:32 | Construir | Farm |
| 16:50 | Crear | Villager (Male) |
| 16:59 | Construir | Farm |
| 17:23 | Crear | Villager (Male) |
| 17:53 | Crear | Villager (Male) |
| 18:06 | Construir | Farm |
| 18:27 | Investigar | Castle Age |
| 18:35 | Construir | House |
| 18:55 | Crear | Scout Cavalry |
| 19:00 | Construir | Stable |
| 19:11 | Construir | House |
| 19:15 | Construir | Palisade Gate |
| 19:26 | Investigar | Bloodlines |
| 19:26 | Investigar | Bloodlines |
Cronología de la partida
| 3:12 | Ganso_lm · wall_segment Palisade Wall x1 |
| 9:24 | DS_lord dekko · wall_segment Palisade Wall x4 |
| 9:25 | DS_lord dekko · wall_segment Palisade Wall x1 |
| 9:43 | Ganso_lm · first_building Barracks |
| 9:44 | DS_Maulet · first_building Barracks |
| 10:11 | [CL] Rzagal · first_building Barracks |
| 10:28 | DS_lord dekko · wall_segment Palisade Wall x3 |
| 10:33 | DS_lord dekko · wall_segment Palisade Wall x6 |
| 10:35 | DS_lord dekko · wall_segment Palisade Wall x1 |
| 10:37 | DS_Gitano Urbano · first_building Barracks |
| 10:52 | Ferman · wall_segment Palisade Wall x1 |
| 11:03 | DS_Gitano Urbano · age_up feudal |
| 11:10 | [CL] Rzagal · wall_segment Palisade Wall x1 |
| 11:10 | [CL] Rzagal · wall_segment Palisade Wall x1 |
| 11:22 | DS_Maulet · age_up feudal |
| 11:23 | DS_Maulet · first_building Stable |
| 11:33 | [CL] Rzagal · wall_segment Palisade Wall x5 |
| 11:36 | [CL] Rzagal · age_up feudal |
| 11:48 | Ganso_lm · age_up feudal |
| 11:54 | [CL] Rzagal · first_building Archery Range |
| 12:00 | DS_Gitano Urbano · first_building Stable |
| 12:26 | DS_Maulet · wall_segment Palisade Wall x1 |
| 12:27 | DS_Maulet · wall_segment Palisade Wall x1 |
| 12:28 | DS_Maulet · wall_segment Palisade Wall x1 |
| 12:29 | DS_Maulet · wall_segment Palisade Wall x1 |
| 12:30 | DS_Maulet · wall_segment Palisade Wall x1 |
| 12:32 | Ferman · age_up feudal |
| 12:38 | DS_lord dekko · wall_segment Palisade Wall x1 |
| 12:39 | DS_lord dekko · wall_segment Palisade Wall x1 |
| 12:40 | DS_lord dekko · wall_segment Palisade Wall x1 |
| 12:50 | [CL] Rzagal · wall_segment Palisade Wall x8 |
| 12:53 | DS_lord dekko · wall_segment Palisade Wall x1 |
| 12:55 | DS_lord dekko · wall_segment Palisade Wall x1 |
| 12:57 | DS_lord dekko · wall_segment Palisade Wall x1 |
| 13:01 | [CL] Rzagal · wall_segment Palisade Wall x1 |
| 13:01 | [CL] Rzagal · wall_segment Palisade Wall x1 |
| 13:02 | [CL] Rzagal · wall_segment Palisade Wall x1 |
| 13:29 | DS_lord dekko · age_up feudal |
| 13:41 | [CL] Rzagal · wall_segment Palisade Wall x1 |
| 13:41 | [CL] Rzagal · wall_segment Palisade Wall x1 |
| 13:42 | [CL] Rzagal · wall_segment Palisade Wall x1 |
| 13:58 | Ferman · wall_segment Palisade Wall x1 |
| 13:59 | [CL] Rzagal · wall_segment Palisade Wall x1 |
| 14:01 | Ferman · wall_segment Palisade Wall x1 |
| 14:04 | Ferman · wall_segment Palisade Wall x1 |
| 14:07 | Ferman · wall_segment Palisade Wall x1 |
| 14:08 | Ferman · wall_segment Palisade Wall x1 |
| 14:16 | [CL] Rzagal · wall_segment Palisade Wall x1 |
| 14:22 | [CL] Rzagal · wall_segment Palisade Wall x1 |
| 14:42 | Ferman · first_building Barracks |
| 14:47 | [CL] Rzagal · wall_segment Palisade Wall x1 |
| 14:50 | [CL] Rzagal · wall_segment Palisade Wall x1 |
| 15:17 | Ferman · wall_segment Palisade Wall x1 |
| 15:18 | [CL] Rzagal · wall_segment Palisade Wall x1 |
| 15:20 | Ferman · wall_segment Palisade Wall x1 |
| 15:21 | [CL] Rzagal · wall_segment Palisade Wall x1 |
| 15:21 | [CL] Rzagal · wall_segment Palisade Wall x1 |
| 15:23 | Ferman · wall_segment Palisade Wall x1 |
| 15:50 | Ferman · wall_segment Palisade Wall x1 |
| 15:50 | Ferman · wall_segment Palisade Wall x1 |
| 16:04 | Ferman · age_up castle |
| 16:34 | Ferman · first_building Stable |
| 17:02 | Ferman · wall_segment Palisade Wall x1 |
| 17:19 | DS_Maulet · first_market_sell 100 wood |
| 17:20 | DS_Maulet · first_market_buy 100 food |
| 17:49 | Ferman · wall_segment Palisade Wall x5 |
| 18:32 | [CL] Rzagal · wall_segment Palisade Wall x1 |
| 19:03 | DS_lord dekko · first_market_sell 100 wood |
| 19:04 | DS_lord dekko · first_market_buy 100 food |
| 19:10 | [CL] Rzagal · wall_segment Palisade Wall x1 |
| 19:38 | DS_Maulet · resign |
[ ANÁLISIS IA · 1 CRÉDITO ]
¿Qué pasó realmente en esta partida?
Wolo.gg analiza cada decisión: build order, eco, micro, errores típicos por bracket. Análisis personalizado por WhatsApp o Discord en 30 segundos.
Guía civ
Malayos
Perfil
Jugador #352739